 Dungeon Crawl Stone Soup version bcrawl-1.40.1 (webtiles) character file.

Game seed: 17779563636317271108

210429 Mehrunes the Covered (level 8, -4/70 HPs)
             Began as a Demigod Fighter on Oct 29, 2023.
             Slain by a basilisk (7 damage)
             ... on level 6 of the Dungeon.
             The game lasted 00:16:20 (7030 turns).

Mehrunes the Covered (Demigod Fighter)              Turns: 7030, Time: 00:16:21

Health: -4/70      AC:  8    Str: 24    XL:     8   Next: 80%
Magic:  14/14      EV: 10    Int: 12    God:    Demigod [**....]
Gold:   387        SH:  0    Dex: 16    Spells: 7/7 levels left

rFire    . . .     GDR:     32% a - +0 war axe
rCold    . . .     SeeInvis +   (no shield)
rNeg     . . .     Gourm    .   o - +0 scale mail
rPois    .         Faith    .   (no helmet)
rElec    .         Spirit   .   s - +0 cloak
rCorr    .         Reflect  .   (no gloves)
MR       .....                  (no boots)
Stlth    ..........             (no amulet)
HPRegen  0.21/turn              h - ring of see invisible
MPRegen  0.14/turn              (no ring)

@: no status effects
A: high mp 1
a: Temporal Distortion, Growth


You were on level 6 of the Dungeon.
You worshipped Demigod.
Demigod was pleased with you.
You were very hungry.

You visited 1 branch of the dungeon, and saw 6 of its levels.

You collected 387 gold pieces.

Inventory:

Hand Weapons
 a - a +0 war axe (weapon)
 b - a +1 hunting sling
Missiles
 f - 843 stones (quivered)
 w - 540 sling bullets
Armour
 c - a +0 medium shield
 o - a +0 scale mail (worn)
 s - a +0 cloak (worn)
Jewellery
 h - a ring of see invisible (left hand)
Wands
 v - a wand of polymorph (12)
Scrolls
 d - a scroll of silence {unknown}
 i - a scroll of identify
 k - 10 scrolls of teleportation
 n - 3 scrolls of amnesia
 u - a scroll of fog {unknown}
 y - a scroll of enchant weapon
 A - a scroll of immolation {unknown}
Potions
 j - 3 potions of mutation
 l - 2 potions of cancellation
 m - a potion of flight {unknown}
 p - 2 potions of curing
 q - a potion of berserk rage {unknown}
 r - a potion of haste {unknown}
 t - a potion of heal wounds {unknown}
 x - a potion of lignification {unknown}
 z - a potion of ambrosia {unknown}
Comestibles
 e - 4 rations {!d}


   Skills:
 + Level 5.6 Fighting
 + Level 5.2 Axes
 + Level 4.6 Slings
 + Level 5.7 Armour
 - Level 2.6 Shields
 + Level 4.0 Invocations


You had 7 spell levels left.
You didn't know any spells.
Your spell library was empty.

Dungeon Overview and Level Annotations

Branches:
Dungeon (6/12)
 Temple: D:4-7

Shops:
D:5 (


Innate Abilities, Weirdness & Mutations

You have an increased reservoir of magic. (+10% MP)


Message History

* * * LOW HITPOINT WARNING * * *
You barely miss the basilisk.
The basilisk is almost dead.
The basilisk closely misses you. The basilisk bites you.
* * * LOW HITPOINT WARNING * * *
You closely miss the basilisk.
The basilisk is almost dead.
The basilisk bites you.
* * * LOW HITPOINT WARNING * * *
Okay, then.
Evoke which item? (* to show all) (? for menu, Esc to quit)
Okay, then.
You miss the basilisk.
The basilisk is almost dead.
The basilisk barely misses you.
You closely miss the basilisk.
The basilisk is almost dead.
The basilisk bites you!
You die...
Your divinity fades.

#. ...
##....
###....
#.l.#
#@# #.#
#.#
#...^.#
#.#.###
..<#.#
#.. ..#
#.# ...
#. ###


You could see a basilisk.

Vanquished Creatures
  A water moccasin (D:4)
  An ice beast (D:4)
  2 sky beasts
  4 ogres
  A phantom (D:4)
  A bullfrog (D:5)
  A centaur (D:5)
  A water moccasin zombie (D:5)
  A water moccasin skeleton (D:5)
  2 scorpions
  A wight (D:5)
  A vampire bat (D:3)
  2 orc priests (D:5)
  2 crimson imps
  3 hounds
  An orc wizard (D:5)
  4 worker ants
  A hound skeleton (D:5)
  10 adders
  An ooze (D:3)
  2 adder skeletons
  2 adder zombies
  5 worms
  2 dart slugs
  6 leopard geckos
  10 orcs
  A ball python (D:4)
  3 giant cockroaches
  5 hobgoblins
  3 jackals (D:3)
  5 quokkas
  17 bats
  4 frilled lizards
  6 kobolds
  A quokka skeleton (D:4)
  5 rats
118 creatures vanquished.

Vanquished Creatures (others)
  2 plants (D:4)
2 creatures vanquished.

Grand Total: 120 creatures vanquished

Notes
Turn   | Place    | Note
-------+----------+-------------------------------------------
     0 | D:1      | Mehrunes the Demigod Fighter began the quest for the Orb.
     0 | D:1      | Reached XP level 1. HP: 18/18 MP: 3/3
   396 | D:1      | Reached XP level 2. HP: 23/25 MP: 4/4
  1179 | D:2      | Reached XP level 3. HP: 22/31 MP: 5/5
  1266 | D:2      | Reached * piety under Demigod
  1448 | D:2      | Noticed a scorpion
  1592 | D:2      | Killed a scorpion
  1593 | D:2      | Reached skill level 1 in Slings
  1593 | D:2      | Reached XP level 4. HP: 19/38 MP: 6/6
  2424 | D:3      | Reached XP level 5. HP: 45/45 MP: 7/7
  2656 | D:3      | Reached ** piety under Demigod
  2793 | D:3      | Noticed a sky beast
  2803 | D:3      | Killed a sky beast
  2804 | D:3      | Reached XP level 6. HP: 31/52 MP: 8/8
  2992 | D:3      | Found a shattered altar of Ashenzari.
  4150 | D:4      | Reached XP level 7. HP: 55/60 MP: 9/9
  4730 | D:4      | Reached skill level 1 in Invocations
  5345 | D:4      | Reached skill level 5 in Fighting
  5345 | D:4      | Reached skill level 5 in Armour
  5345 | D:4      | Reached XP level 8. HP: 43/68 MP: 10/12
  5565 | D:5      | Entered Level 5 of the Dungeon
  6152 | D:5      | Reached skill level 5 in Axes
  6786 | D:5      | Found Zuijah's Weapon Emporium.
  7027 | D:6      | HP: 3/70 [basilisk (6)]
  7030 | D:6      | Slain by a basilisk

Skill      XL: |  1  2  3  4  5  6  7  8 |
---------------+-------------------------+-----
Axes           | 2 3 4 5 |  5.2
Fighting       | 3 4 5 |  5.6
Armour         | 3 4 5 |  5.7
Slings         | 1 2 3 4 |  4.6
Invocations    | 1 4 |  4.0
Shields        | |  2.6

Action                   |  1- 3 |  4- 6 |  7- 9 || total
-------------------------+-------+-------+-------++-------
Melee: War axe           |    56 |    34 |    97 ||   187
 Fire: Hunting sling     |    41 |   158 |   120 ||   319
Throw: Stone             |       |     5 |       ||     5
Invok: Growth            |       |       |     2 ||     2
  Use: Scroll            |     5 |     1 |     5 ||    11
       Potion            |       |       |     3 ||     3
  Eat: Chunk             |     5 |    14 |    14 ||    33
Armor: Scale mail        |    46 |    49 |    67 ||   162
Dodge: Dodged            |    40 |    40 |    66 ||   146
